 Dungeon Crawl Stone Soup version 0.32-a0-132-g2d33c3cfaf (webtiles) character file.

Game seed: 16363631103062129909

1691 Dittersdorf the Trooper (level 9, -10/57 HPs)
             Began as a Gargoyle Fighter on Feb 9, 2024.
             Was an Initiate of Gozag.
             Killed from afar by an acid dragon (31 damage)
             ... with a splash of acid
             ... on level 6 of the Dungeon.
             The game lasted 00:05:54 (5608 turns).

Dittersdorf the Trooper (Gargoyle Fighter)          Turns: 5608, Time: 00:05:55

Health: -10/57     AC: 18    Str: 23    XL:     9   Next: 2%
Magic:  9/9        EV:  8    Int: 16    God:    Gozag
Gold:   203        SH:  5    Dex:  9    Spells: 8/8 levels left

rFire   . . .        l - +2 whip (vamp)
rCold   . . .        c - +0 buckler
rNeg    + . .        o - +0 chain mail
rPois   ∞            v - +0 helmet
rElec   +            (no cloak)
rCorr   .            (no gloves)
SInv    .            (no boots)
Will    .....        (no amulet) Stlth
                     k - +6 ring of intelligence
HPRegen 0.29/turn    (no ring)
MPRegen 0.11/turn

%: no passive effects
@: no status effects
A: sickness immunity, AC +6, negative energy resistance 1, electricity
resistance, torment resistance 1, petrification resistance
a: Renounce Religion, Potion Petition, Call Merchant, Bribe Branch


You were on level 6 of the Dungeon.
You worshipped Gozag.
Gozag was aware of your devotion.
You visited 2 branches of the dungeon, and saw 7 of its levels.

You collected 314 gold pieces.
You spent 60 gold pieces at shops.
You paid 51 gold pieces to Gozag.

Inventory:

Hand Weapons
 a - a +0 flail
 l - a +2 vampiric whip (weapon)
Armour
 c - a +0 buckler (worn)
 o - a +0 chain mail (worn)
 v - a +0 helmet (worn)
Jewellery
 k - a +6 ring of intelligence (left hand)
Scrolls
 f - 2 scrolls of enchant weapon {unknown}
 g - 2 scrolls of revelation
 h - a scroll of blinking {unknown}
 j - 2 scrolls of teleportation {unknown}
 m - 2 scrolls of silence {unknown}
 n - 2 scrolls of poison {unknown}
 p - a scroll of enchant armour {unknown}
 u - a scroll of immolation {unknown}
Potions
 b - a potion of enlightenment
 d - a potion of might
 e - 2 potions of heal wounds
 i - 2 potions of cancellation {unknown}
 q - a potion of invisibility
 r - a potion of curing
 t - a potion of brilliance


   Skills:
 + Level 7.0 Fighting
 + Level 5.8 Maces & Flails
 + Level 6.9 Armour
 + Level 6.9 Shields


You had 8 spell levels left.
You didn't know any spells.
Your spell library contained the following spells:

 Spells                   Type           Power      Damage    Failure   Level
 Ensorcelled Hibernation  Hex/Ice        0%         N/A       93%         2
 Fugue of the Fallen      Necr           0%         N/A       99%         3
 Anguish                  Hex/Necr       0%         N/A       100%        4


Dungeon Overview and Level Annotations

Branches:
Dungeon (6/15)             Temple (1/1) D:5

Altars:
Ashenzari
Cheibriados
Dithmenos
Elyvilon
Fedhas
Gozag
Hepliaklqana
Kikubaaqudgha
Makhleb
Nemelex Xobeh
Okawaru
Qazlal
Ru
Sif Muna
Trog
Uskayaw
Vehumet
Wu Jian
Xom
Yredelemnul
Zin
The Shining One

Shops:
D:2 !   D:3 !

Annotations:
D:4 1 runed translucent door
Temple 2 transporters


Innate Abilities, Weirdness & Mutations

You are immune to sickness and miasma.
Your stone body is resilient. (AC +6)
You are immune to poison.
You resist negative energy. (rN+)
You are resistant to electric shocks. (rElec)
You are resistant to unholy torment.
You are immune to petrification.


Message History

The acid dragon misses you.
The acid dragon claws you but does no damage.
The hound bites you but does no damage.
You completely miss the hound.
The hound is moderately wounded.
The hound bites you but does no damage. The acid dragon spits acid at you.
The splash of acid hits you!!
You are too injured to fight recklessly!
You are too injured to fight recklessly!
You are too injured to fight recklessly!
You are too injured to fight recklessly!
You are too injured to fight recklessly!
You are too injured to fight recklessly!
You are too injured to fight recklessly!
You are too injured to fight recklessly!
You are too injured to fight recklessly!
You are too injured to fight recklessly!
You are too injured to fight recklessly!
You are too injured to fight recklessly!
You are too injured to fight recklessly!
You are too injured to fight recklessly!
You are too injured to fight recklessly!
You are too injured to fight recklessly!
You are too injured to fight recklessly!
You are too injured to fight recklessly!
You are too injured to fight recklessly!
You are too injured to fight recklessly!
The hound bites you but does no damage. The hound attacks as it pursues you!
The hound bites you but does no damage. The hound barely misses you.
The hound bites you but does no damage. As you open the door, it creaks loudly!
The hound closely misses you. The hound bites you.
There is an open door here.
The acid dragon spits acid at you. The splash of acid hits you!!
Ouch! That really hurt!
You die...
Your body crumbles into a pile of gold.

##.....##'#.#..##.....######
#.....#.....#..#####..>.....
#.#.........#..# #########
#.#.........#..# .
#)...##+#.#..#
#..).##.#.####
+....##.#.#########
####....##.#.#.......#
#..........#@#.......#####
#.#####.#..#'#............
.. ...#....D............ .
###........#####......
+........# ..... #........#
#### #........# #........#
#........#


You could see an acid dragon (catching breath).

Vanquished Creatures
  Grinder (D:5)
  Menkaure (D:5)
  A water moccasin (D:6)
  2 ogres
  2 black bears (D:6)
  A centaur (D:6)
  2 phantoms
  A kobold brigand (D:4)
  A bullfrog (D:6)
  A scorpion (D:5)
  3 jellies
  4 hounds
  A bombardier beetle (D:6)
  A sleepcap (D:5)
  2 orc wizards
  3 gnolls (D:4)
  7 adders
  4 white imps
  2 dart slugs
  3 ribbon worms
  7 orcs
  2 endoplasms
  7 goblins
  6 hobgoblins
  4 jackals
  8 kobolds
  3 quokkas
  4 ball pythons
  4 bats
  3 frilled lizards
  5 rats
96 creatures vanquished.

Notes
Turn   | Place    | Note
-------+----------+-------------------------------------------
     0 | D:1      | Dittersdorf the Gargoyle Fighter began the quest for the
                  | Orb.
     0 | D:1      | Reached XP level 1. HP: 14/14 MP: 1/1
    69 | D:1      | Reached XP level 2. HP: 19/19 MP: 2/2
   383 | D:1      | Reached XP level 3. HP: 22/23 MP: 3/3
   731 | D:2      | Found Iwue's Distillery.
  1283 | D:2      | Found a faded altar of an unknown god.
  1841 | D:3      | Reached XP level 4. HP: 29/29 MP: 4/4
  1955 | D:3      | Reached skill level 4 in Fighting
  2065 | D:3      | Found Cubapi's Distillery.
  2076 | D:3      | Bought a potion of heal wounds for 60 gold pieces
  2346 | D:4      | Found a shimmering blue altar of Sif Muna.
  2405 | D:4      | Reached XP level 5. HP: 20/33 MP: 5/5
  2653 | D:4      | Noticed a kobold brigand
  2661 | D:4      | Killed a kobold brigand
  2662 | D:4      | Reached XP level 6. HP: 37/39 MP: 6/6
  3110 | D:4      | Found a runed translucent door.
  3110 | D:4      | Noticed a human
  3119 | D:4      | Found a basalt altar of Yredelemnul.
  3172 | D:4      | Reached skill level 5 in Fighting
  3321 | D:5      | Entered Level 5 of the Dungeon
  3422 | D:5      | Reached skill level 5 in Armour
  3422 | D:5      | Reached skill level 5 in Shields
  3422 | D:5      | Reached XP level 7. HP: 44/44 MP: 7/7
  3849 | D:5      | Noticed Grinder
  3861 | D:5      | Found a staircase to the Ecumenical Temple.
  3888 | Temple   | Found a transporter.
  3888 | Temple   | Found a transporter.
  3888 | Temple   | Found a transporter.
  3888 | Temple   | Found a transporter.
  3888 | Temple   | Entered the Ecumenical Temple
  3976 | Temple   | Became a worshipper of Gozag Ym Sagoz the Greedy
  4004 | D:5      | Paralysed by Grinder for 3 turns
  4027 | D:5      | Killed Grinder
  4028 | D:5      | Reached XP level 8. HP: 39/51 MP: 8/8
  4170 | D:5      | Noticed Menkaure
  4185 | D:5      | Killed Menkaure
  4186 | D:5      | Reached skill level 6 in Fighting
  4186 | D:5      | Reached skill level 5 in Maces & Flails
  4505 | D:5      | Found a broken altar of Ashenzari.
  5507 | D:6      | Reached XP level 9. HP: 52/56 MP: 9/9
  5530 | D:6      | Reached skill level 7 in Fighting
  5608 | D:6      | Killed from afar by an acid dragon

Illustrated notes

Levels and vault maps discovered:
D:1:      matt_arrival_grand_opening, layout_rooms, grunt_decor_resistance,
          minmay_door_square
D:2:      wad_lake_hut, layout_basic, serial_shops, nicolae_shop_rolling_square,
          serial_forest, infiniplex_forest_lined_room_,
          infiniplex_forest_lined_3, infiniplex_forest_zigzag_2,
          infiniplex_forest_lined_room_, infiniplex_forest_zigzag_1,
          infiniplex_forest_lined_2, infiniplex_forest_lined_corner,
          shapermc_ecumenical_altar_acropolis
D:3:      layout_loops_ring, serial_shops, shop
D:4:      layout_gridville, lemuel_crystal_altar, dk_yredelemnul_ordeal
D:5:      layout_basic, ashenzari_conservatory_becter,
          minmay_temple_entry_junction_2, uniq_grinder, uniq_menkaure
D:6:      layout_basic
Temple:   hellmonk_temple_divided_pantheon

Skill      XL: |  1  2  3  4  5  6  7  8  9 |
---------------+----------------------------+-----
Fighting       | 4 5 6 7 |  7.0
Armour         | 4 5 6 |  6.9
Maces & Flails | 3 4 5 |  5.8
Shields        | 4 5 6 |  6.9

Action                     |  1- 3 |  4- 6 |  7- 9 || total
---------------------------+-------+-------+-------++-------
  Melee: Flail             |   155 |    98 |       ||   253
         Whip              |       |    69 |   291 ||   360
    Use: Scroll            |       |     5 |     3 ||     8
 Armour: Scale mail        |   114 |    20 |       ||   134
         Chain mail        |       |   120 |   197 ||   317
  Dodge: Dodged            |    76 |    59 |    99 ||   234
  Block: Buckler           |    31 |    30 |    38 ||    99

Table legend: (Time is in decaauts)
 A = Elapsed time spent in this place.
 B = Non-inter-level travel time spent in this place.
 C = Inter-level travel time spent in this place.
 D = Time resting spent in this place.
 E = Time spent auto-exploring this place.
 F = Levels seen in this place.
 G = Mean time per level.
                   A        B        C        D        E       F      G
               +--------+--------+--------+--------+--------+-----+--------+
         Total |   5691 |   5505 |    186 |     75 |   4280 |   7 |  813.0 |
       Dungeon |   5589 |   5403 |    186 |      0 |   4280 |   6 |  931.5 |
        Temple |    101 |    101 |      0 |     75 |      0 |   1 |  101.0 |
               +--------+--------+--------+--------+--------+-----+--------+

Top non-repeatable levels by time:
     D:5: 1560 daAuts
     D:2: 990 daAuts
     D:4: 972 daAuts
     D:1: 757 daAuts
     D:3: 722 daAuts
     D:6: 587 daAuts
  Temple: 101 daAuts
